NCAA
TEXAS CHRISTIAN HORNED FROGS @ FLORIDA STATE SEMINOLES
04/20/2025
 
TOP OF THE 1ST
Texas Christian Horned Frogs batting - Pitching for Florida State Seminoles : RHP James Lyons
Pitching: RHP James Lyons
Batting: RHB Francisco Fernández 0-0: Fly out, F5 (Popup, 25F)
Batting: RHB Bernard Samuels 0-0: Called Strike
0-1: Ball
1-1: Fly out, F9 (Flyball, 9M)
Batting: LHB Miguel Martínez 0-0: Swinging Strike
0-1: Ball
1-1: Ball
2-1: Called Strike
2-2: Strikes out swinging
Top of the 1st over - 0 run(s), 0 hit(s), 0 error(s), 0 left on base; Texas Christian 0 - Florida State 0
BOTTOM OF THE 1ST
Florida State Seminoles batting - Pitching for Texas Christian Horned Frogs : LHP Jason Reece
Pitching: LHP Jason Reece
Batting: RHB Art Cameron 0-0: Ball
1-0: Foul Ball, location: 2F
1-1: Foul Ball, location: 2F
1-2: Ball
2-2: Foul Ball, location: 2F
2-2: Strikes out swinging, 2-3 out at first.
Batting: LHB Randy Wiggins 0-0: Foul Ball, location: 2F
0-1: Foul Ball, location: 2F
0-2: Ball
1-2: SINGLE (Flyball, 78S)
Batting: RHB Rusty Bennett 0-0: Ball
1-0: Foul Ball, location: 2F
1-1: Foul Ball, location: 2F
1-2: Ball
2-2: Foul Ball, location: 2F
2-2: Ball
3-2: Strikes out swinging
Batting: LHB Richard Olvera 0-0: Swinging Strike
0-1: Called Strike
Randy Wiggins is caught stealing 2nd base
Bottom of the 1st over - 0 run(s), 1 hit(s), 0 error(s), 0 left on base; Texas Christian 0 - Florida State 0
TOP OF THE 2ND
Texas Christian Horned Frogs batting - Pitching for Florida State Seminoles : RHP James Lyons
Batting: RHB Anthony Walsh 0-0: Ball
1-0: Ball
2-0: Fly out, F8 (Line Drive, 8RM)
Batting: LHB Ryan Flynn 0-0: Called Strike
0-1: Foul Ball, location: 2F
0-2: Ball
1-2: Ball
2-2: Ball
3-2: Strikes out swinging
Batting: SHB Matt Pierce 0-0: Ground out 4-3 (Groundball, 4)
Top of the 2nd over - 0 run(s), 0 hit(s), 0 error(s), 0 left on base; Texas Christian 0 - Florida State 0
BOTTOM OF THE 2ND
Florida State Seminoles batting - Pitching for Texas Christian Horned Frogs : LHP Jason Reece
Batting: LHB Richard Olvera 0-0: Ground out U3 (Groundball, 3)
Batting: RHB Aaron Duncan 0-0: Called Strike
0-1: Foul Ball, location: 2F
0-2: Strikes out looking
Batting: RHB Mike Cleveland 0-0: Ball
1-0: Swinging Strike
1-1: Ground out 4-3 (Groundball, 4)
Bottom of the 2nd over - 0 run(s), 0 hit(s), 0 error(s), 0 left on base; Texas Christian 0 - Florida State 0
TOP OF THE 3RD
Texas Christian Horned Frogs batting - Pitching for Florida State Seminoles : RHP James Lyons
Batting: RHB Bob McDonald 0-0: Ball
1-0: Called Strike
1-1: Ground out 6-3 (Groundball, 6D)
Batting: SHB Robbie Rhodes 0-0: Ball
1-0: SINGLE (Groundball, 34D) (infield hit)
Batting: RHB José Reyes 0-0: Foul Ball, location: 2F
0-1: Ball
1-1: DOUBLE (Flyball, 78M)
Robbie Rhodes to third
Batting: RHB Francisco Fernández 0-0: Ball
1-0: Ground out 5-3 (Groundball, 56)
Robbie Rhodes scores
Batting: RHB Bernard Samuels 0-0: Ball
1-0: Ball
2-0: Called Strike
2-1: Ball
3-1: Base on Balls
Batting: LHB Miguel Martínez 0-0: SINGLE (Groundball, 4M)
José Reyes to third
Bernard Samuels to second
Runner from 3rd tries for Home, SAFE, no throw or cutoff
Batting: RHB Anthony Walsh 0-0: Foul Ball, location: 2F
0-1: Ground out 6-3 (Groundball, 6)
Top of the 3rd over - 2 run(s), 3 hit(s), 0 error(s), 2 left on base; Texas Christian 2 - Florida State 0
BOTTOM OF THE 3RD
Florida State Seminoles batting - Pitching for Texas Christian Horned Frogs : LHP Jason Reece
Batting: SHB Gary Williams 0-0: Reached on error, E6 (Groundball, 6)
Batting: RHB Adam Davis 0-0: Ball
1-0: Fielders Choice at 2nd, U6 (Groundball, 6M)
Batting: RHB Larry Davis 0-0: Ball
1-0: Fly out, F9 (Flyball, 89M)
Batting: RHB Art Cameron 0-0: Ball
Adam Davis is caught stealing 2nd base
Bottom of the 3rd over - 0 run(s), 0 hit(s), 1 error(s), 0 left on base; Texas Christian 2 - Florida State 0
TOP OF THE 4TH
Texas Christian Horned Frogs batting - Pitching for Florida State Seminoles : RHP James Lyons
Batting: LHB Ryan Flynn 0-0: Ball
1-0: Foul Ball, location: 2F
1-1: SOLO HOME RUN (Flyball, 89XD), Distance : 390 ft
Batting: SHB Matt Pierce 0-0: Ground out 6-3 (Groundball, 6)
Batting: RHB Bob McDonald 0-0: Ball
1-0: Foul Ball, location: 2F
1-1: Fly out, F8 (Line Drive, 8RM)
Batting: SHB Robbie Rhodes 0-0: Foul Ball, location: 2F
0-1: Called Strike
0-2: Strikes out swinging
Top of the 4th over - 1 run(s), 1 hit(s), 0 error(s), 0 left on base; Texas Christian 3 - Florida State 0
BOTTOM OF THE 4TH
Florida State Seminoles batting - Pitching for Texas Christian Horned Frogs : LHP Jason Reece
Batting: RHB Art Cameron 0-0: Fly out, F6 (Popup, 6MD)
Batting: LHB Randy Wiggins 0-0: Ball
1-0: Called Strike
1-1: SINGLE (Line Drive, 6D)
Batting: RHB Rusty Bennett 0-0: Ball
1-0: Called Strike
1-1: Ball
2-1: Foul Ball, location: 2F
2-2: Strikes out swinging
Batting: LHB Richard Olvera 0-0: Ball
1-0: SINGLE (Groundball, 3D)
Randy Wiggins to second
Runner from 2nd tries for 3rd, SAFE, no throw or cutoff
Batting: RHB Aaron Duncan 0-0: Ball
1-0: Ball
2-0: Called Strike
2-1: Fly out, F7 (Flyball, 7D)
Bottom of the 4th over - 0 run(s), 2 hit(s), 0 error(s), 2 left on base; Texas Christian 3 - Florida State 0
TOP OF THE 5TH
Texas Christian Horned Frogs batting - Pitching for Florida State Seminoles : RHP James Lyons
Batting: RHB José Reyes 0-0: Ball
1-0: Swinging Strike
1-1: Foul Ball, location: 2F
1-2: Foul Ball, location: 2F
1-2: Foul Ball, location: 2F
1-2: Foul Ball, location: 2F
1-2: Ball
2-2: Strikes out swinging
Batting: RHB Francisco Fernández 0-0: Ground out 6-3 (Groundball, 6)
Batting: RHB Bernard Samuels 0-0: Ball
1-0: Called Strike
1-1: Swinging Strike
1-2: Ball
2-2: Ground out 4-3 (Groundball, 4M)
Top of the 5th over - 0 run(s), 0 hit(s), 0 error(s), 0 left on base; Texas Christian 3 - Florida State 0
BOTTOM OF THE 5TH
Florida State Seminoles batting - Pitching for Texas Christian Horned Frogs : LHP Jason Reece
Batting: RHB Mike Cleveland 0-0: Ball
1-0: Swinging Strike
1-1: Foul Ball, location: 2F
1-2: Strikes out swinging
Batting: SHB Gary Williams 0-0: Called Strike
0-1: Ball
1-1: Fly out, F8 (Flyball, 8LS)
Batting: RHB Adam Davis 0-0: Foul Ball, location: 2F
0-1: Swinging Strike
0-2: Strikes out looking
Bottom of the 5th over - 0 run(s), 0 hit(s), 0 error(s), 0 left on base; Texas Christian 3 - Florida State 0
TOP OF THE 6TH
Texas Christian Horned Frogs batting - Pitching for Florida State Seminoles : RHP James Lyons
Batting: LHB Miguel Martínez 0-0: Called Strike
0-1: Called Strike
0-2: Strikes out swinging
Batting: RHB Anthony Walsh 0-0: Called Strike
0-1: Ball
1-1: Fly out, F9 (Flyball, 9M)
Batting: LHB Ryan Flynn 0-0: Ball
1-0: Called Strike
1-1: Ball
2-1: Swinging Strike
2-2: Foul Ball, location: 2F
2-2: Ball
3-2: Foul Ball, location: 2F
3-2: Base on Balls
Batting: SHB Matt Pierce 0-0: Ball
1-0: Ball
2-0: Ball
3-0: Called Strike
3-1: Base on Balls
Ryan Flynn to second
Pitching: RHP Sergio Márquez
Batting: RHB Bob McDonald 0-0: Ball
1-0: Foul Ball, location: 2F
1-1: Swinging Strike
1-2: Ball
2-2: Strikes out looking
Top of the 6th over - 0 run(s), 0 hit(s), 0 error(s), 2 left on base; Texas Christian 3 - Florida State 0
BOTTOM OF THE 6TH
Florida State Seminoles batting - Pitching for Texas Christian Horned Frogs : LHP Jason Reece
Batting: RHB Larry Davis 0-0: Ball
1-0: Called Strike
1-1: Fly out, F9 (Flyball, 89M)
Batting: RHB Art Cameron 0-0: Called Strike
0-1: Swinging Strike
0-2: Ball
1-2: Strikes out swinging
Batting: LHB Randy Wiggins 0-0: Ball
1-0: Ground out 4-3 (Groundball, 4)
Bottom of the 6th over - 0 run(s), 0 hit(s), 0 error(s), 0 left on base; Texas Christian 3 - Florida State 0
TOP OF THE 7TH
Texas Christian Horned Frogs batting - Pitching for Florida State Seminoles : RHP Sergio Márquez
Batting: SHB Robbie Rhodes 0-0: Ball
1-0: Ball
2-0: Called Strike
2-1: Fly out, F7 (Flyball, 7M)
Batting: RHB José Reyes 0-0: Called Strike
0-1: Called Strike
0-2: Ball
1-2: Ball
2-2: Ball
3-2: Strikes out looking
Batting: RHB Francisco Fernández 0-0: Ball
1-0: Swinging Strike
1-1: Fly out, F9 (Flyball, 89M)
Top of the 7th over - 0 run(s), 0 hit(s), 0 error(s), 0 left on base; Texas Christian 3 - Florida State 0
BOTTOM OF THE 7TH
Florida State Seminoles batting - Pitching for Texas Christian Horned Frogs : LHP Jason Reece
Batting: RHB Rusty Bennett 0-0: Ball
1-0: Ball
2-0: Fly out, F7 (Line Drive, 7LM)
Batting: LHB Richard Olvera 0-0: Foul Ball, location: 2F
0-1: Ball
1-1: Ball
2-1: Ball
3-1: Swinging Strike
3-2: Foul Ball, location: 2F
3-2: Base on Balls
Batting: RHB Aaron Duncan 0-0: Called Strike
0-1: Called Strike
0-2: Foul Ball, location: 2F
0-2: Ball
1-2: Ball
2-2: Foul Ball, location: 2F
Pickoff Throw to First - Error! E1
Richard Olvera to second
2-2: Ball
3-2: Reached on error, E6 (Groundball, 6)
Richard Olvera to third
Pitching: LHP William Romero
Batting: RHB Mike Cleveland 0-0: Called Strike
0-1: Ball
1-1: Foul Ball, location: 2F
1-2: Grounds into double play, 1-6-3 (Groundball, 13)
Bottom of the 7th over - 0 run(s), 0 hit(s), 2 error(s), 1 left on base; Texas Christian 3 - Florida State 0
TOP OF THE 8TH
Texas Christian Horned Frogs batting - Pitching for Florida State Seminoles : RHP Sergio Márquez
Batting: RHB Bernard Samuels 0-0: Foul Ball, location: 2F
0-1: Called Strike
0-2: Ball
1-2: Foul Ball, location: 2F
1-2: Strikes out swinging
Batting: LHB Miguel Martínez 0-0: Ball
1-0: Swinging Strike
1-1: SINGLE (Flyball, 9S)
Batting: RHB Anthony Walsh 0-0: Called Strike
Miguel Martínez is caught stealing 2nd base
0-1: Ball
1-1: SOLO HOME RUN (Line Drive, 7LD), Distance : 323 ft
Batting: LHB Ryan Flynn 0-0: Ball
1-0: Foul Ball, location: 2F
1-1: Ball
2-1: Ball
3-1: SINGLE (Groundball, 4M)
Pitching: RHP Powell Gallagher
Batting: SHB Matt Pierce 0-0: Swinging Strike
0-1: Ball
1-1: Ball
2-1: Ball
3-1: Foul Ball, location: 2F
3-2: SINGLE (Line Drive, 34)
Ryan Flynn to second
Ryan Flynn to third
Batting: RHB Bob McDonald 0-0: Ball
1-0: SINGLE (Groundball, 15) (infield hit)
Ryan Flynn scores
Matt Pierce to second
Batting: SHB Robbie Rhodes 0-0: Called Strike
0-1: Ball
1-1: Fly out, F6 (Popup, 6D)
Top of the 8th over - 2 run(s), 5 hit(s), 0 error(s), 2 left on base; Texas Christian 5 - Florida State 0
BOTTOM OF THE 8TH
Florida State Seminoles batting - Pitching for Texas Christian Horned Frogs : LHP William Romero
Batting: SHB Gary Williams 0-0: Ball
1-0: Ball
2-0: Ball
3-0: Called Strike
3-1: Ground out 1-3 (Groundball, 23)
Batting: RHB Adam Davis 0-0: Ball
1-0: Ball
2-0: SOLO HOME RUN (Flyball, 7D), Distance : 361 ft
Batting: RHB Larry Davis 0-0: Called Strike
0-1: Called Strike
0-2: SOLO HOME RUN (Flyball, 7D), Distance : 362 ft
Batting: RHB Art Cameron 0-0: Called Strike
0-1: Ground out 6-3 (Groundball, 6)
Batting: LHB Randy Wiggins 0-0: Called Strike
0-1: Fly out, F7 (Flyball, 78M)
Bottom of the 8th over - 2 run(s), 2 hit(s), 0 error(s), 0 left on base; Texas Christian 5 - Florida State 2
TOP OF THE 9TH
Texas Christian Horned Frogs batting - Pitching for Florida State Seminoles : RHP Powell Gallagher
Batting: RHB José Reyes 0-0: Swinging Strike
0-1: Ball
1-1: Foul Ball, location: 2F
1-2: Strikes out swinging
Batting: RHB Francisco Fernández 0-0: Ball
1-0: Called Strike
1-1: Ball
2-1: Ball
3-1: Base on Balls
Batting: RHB Bernard Samuels 0-0: Ball
1-0: Ball
2-0: Foul Ball, location: 2F
2-1: Foul Ball, location: 2F
2-2: SINGLE (Line Drive, 56D)
Francisco Fernández to second
Batting: LHB Miguel Martínez 0-0: Called Strike
0-1: Ball
1-1: Swinging Strike
1-2: Foul Ball, location: 2F
1-2: Strikes out looking
Batting: RHB Anthony Walsh 0-0: Foul Ball, location: 2F
0-1: Called Strike
0-2: Ball
1-2: DOUBLE (Line Drive, 8RS)
Francisco Fernández scores
Bernard Samuels to third
Batting: LHB Ryan Flynn 0-0: Foul Ball, location: 2F
0-1: Ball
1-1: Ball
2-1: Foul Ball, location: 2F
2-2: Ball
3-2: Base on Balls
Pitching: LHP Jeffery Mitchell
Batting: SHB Matt Pierce 0-0: Ball
1-0: GRAND SLAM HOME RUN (Flyball, 78XD), Distance : 367 ft
Batting: RHB Bob McDonald 0-0: Ball
1-0: Ball
2-0: Foul Ball, location: 2F
2-1: Swinging Strike
2-2: Ball
3-2: Base on Balls
Batting: SHB Robbie Rhodes 0-0: Called Strike
0-1: Ground out 5-3 (Groundball, 56)
Top of the 9th over - 5 run(s), 3 hit(s), 0 error(s), 1 left on base; Texas Christian 10 - Florida State 2
BOTTOM OF THE 9TH
Florida State Seminoles batting - Pitching for Texas Christian Horned Frogs : LHP William Romero
Batting: RHB Rusty Bennett 0-0: Called Strike
0-1: SOLO HOME RUN (Flyball, 9D), Distance : 354 ft
Batting: LHB Richard Olvera 0-0: Ball
1-0: Fly out, F7 (Flyball, 7M)
Batting: RHB Aaron Duncan 0-0: Ball
1-0: Foul Ball, location: 2F
1-1: Foul Ball, location: 2F
1-2: Ball
2-2: Foul Ball, location: 2F
2-2: Ball
3-2: Base on Balls
Batting: RHB Mike Cleveland 0-0: Grounds into double play, 4-6-3 (Groundball, 4)
Bottom of the 9th over - 1 run(s), 1 hit(s), 0 error(s), 0 left on base; Texas Christian 10 - Florida State 3
This league is powered by Out of the Park Baseball, the baseball management simulation game for PC, Mac and Linux
Tuesday, August 2nd, 2016 - OOTP Baseball 16.8 Build 38